 Dungeon Crawl Stone Soup version 0.26.1-11-gd32895ea62 (webtiles) character file.

Game seed: 2132103387763850486

44 wafflestompin the Sneak (level 3, -12/16 HPs)
             Began as a Spriggan Enchanter on May 14, 2021.
             Killed by divine providence
             ... invoked by an orc priest
              (14 damage)
             ... on level 3 of the Dungeon.
             The game lasted 00:12:11 (1791 turns).

wafflestompin the Sneak (Spriggan Enchanter)        Turns: 1791, Time: 00:12:12

Health: -12/16     AC:  2    Str:  5    XL:     3   Next: 39%
Magic:  8/8        EV: 18    Int: 16    God:
Gold:   34         SH:  0    Dex: 16    Spells: 6/7 levels left

rFire    . . .     SeeInvis +   a - +1 dagger
rCold    + . .     Faith    .   (shield restricted)
rNeg     . . .     Spirit   .   j - +0 robe
rPois    .         Reflect  .   (helmet restricted)
rElec    .         Harm     .   (no cloak)
rCorr    .         Rampage  .   (gloves unavailable)
Will     .....                  (boots unavailable)
Stlth    +++.......             (no amulet)
HPRegen  0.05/turn              e - ring of protection from cold
MPRegen  0.11/turn              (no ring)

@: very quick
A: very small, unfitting armour, see invisible, speed 3
a: no special abilities


You were on level 3 of the Dungeon.
You visited 1 branch of the dungeon, and saw 3 of its levels.

You collected 34 gold pieces.

Inventory:

Hand Weapons
 a - a +1 dagger (weapon)
 b - a +0 hunting sling
 l - a +0 spear
Armour
 d - a +0 scale mail
 j - a +0 robe (worn)
Jewellery
 e - a ring of protection from cold (left hand)
 i - a +4 ring of evasion {unknown}
 p - a cursed +4 ring of protection {unknown}
Scrolls
 c - a scroll of remove curse {unknown}
 f - 4 scrolls of identify {unknown}
 h - a scroll of immolation {unknown}
 m - a scroll of enchant weapon {unknown}
 n - a scroll of fear {unknown}
 o - a scroll of blinking {unknown}
Potions
 g - 2 potions of curing {unknown}
 k - a potion of degeneration {unknown}


   Skills:
 + Level 0.1 Fighting
 * Level 1.5 Short Blades
 + Level 3.1 Dodging
 * Level 5.7 Stealth
 + Level 2.7 Spellcasting
 * Level 4.2 Hexes


You had 6 spell levels left.
You knew the following spells:

 Your Spells              Type           Power        Failure   Level
a - Corona                Hex            16%          3%          1

Your spell library contained the following spells:

 Spells                   Type           Power        Failure   Level
 Confusing Touch          Hex            15%          10%         3
 Tukima's Dance           Hex            15%          10%         3
 Ensorcelled Hibernation  Hex/Ice        18%          12%         2
 Dazzling Flash           Conj/Hex       18%          24%         3


Dungeon Overview and Level Annotations

Branches:
Dungeon (3/15)

Altars:


Innate Abilities, Weirdness & Mutations

You are very small and have problems with some larger weapons.
You are too small for most types of armour.
You have supernaturally acute eyesight. (SInv)
You cover ground extremely quickly.


Message History

4 orcs and an orc priest come into view.
An orc is wielding a +2 vorpal mace.
Found a hunting sling and a scroll labelled MEAFACS WIRGH.
Found a stone staircase leading down.
There is a stone staircase leading up here.
The orc priest shouts!
The orc shouts!
The orc closely misses you.
The orc shouts!
You climb upwards.
There is a stone staircase leading down here.
You climb downwards.
The orc priest looks encouraged for a moment.
The orc hits you but does no damage. The orc closely misses you.
The orc hits you but does no damage.
There is a stone staircase leading up here.
The orc misses you.
The orc priest invokes the aid of Beogh against you.
Beogh smites you!
Ouch! That really hurt!
You die...

#. .>.. #.
.... #. ...?.
#.## .....
#.........
#####..#......
#.............
#o@o......
#.oo......
#.........
#.........
..o....###
##....###
####.# ..


You could see an orc priest and 4 orcs.

Vanquished Creatures
  An ooze (D:1)
  A dart slug (D:1)
  5 giant cockroaches
  7 goblins
  3 hobgoblins
  7 bats
  2 frilled lizards (D:2)
  4 kobolds
  6 rats
36 creatures vanquished.

Notes
Turn   | Place    | Note
-------+----------+-------------------------------------------
     0 | D:1      | wafflestompin the Spriggan Enchanter began the quest for
                  | the Orb.
     0 | D:1      | Reached XP level 1. HP: 9/9 MP: 5/5
   142 | D:1      | Reached skill level 5 in Stealth
   182 | D:1      | Reached XP level 2. HP: 9/13 MP: 6/6
  1141 | D:1      | Reached XP level 3. HP: 13/16 MP: 8/8
  1791 | D:3      | Killed from afar by an orc priest

Illustrated notes

Levels and vault maps discovered:
D:1:      kennysheep_arrival_seaside, layout_basic, moated_statue
D:2:      layout_loops_ring, lemuel_blue_sif_altar, uniq_terence, uniq_sigmund
D:3:      layout_rooms, zin_scriptorium, serial_bayou_lagoon_a,
          skrybe_limestone_x

Skill      XL: |  1  2 |
---------------+-------+-----
Stealth        | 5 |  5.7
Hexes          | 4 |  4.2
Fighting       | |  0.1
Short Blades   | |  1.5
Dodging        | |  3.1
Spellcasting   | |  2.7

Action                   || total
-------------------------++-------
Melee: Dagger            ||   146
 Cast: Corona            ||     3
 Stab: Sleeping          ||    12
Armor: Robe              ||    22
Dodge: Dodged            ||   149
